 Dungeon Crawl Stone Soup version 0.19.1 (webtiles) character file.

31 zeroDi the Sneak (level 3, 0/18 HPs)
             Began as a Vine Stalker Assassin on Dec 18, 2016.
             Succumbed to an adder's poison
             ... on level 2 of the Dungeon.
             The game lasted 00:01:33 (797 turns).

zeroDi the Sneak (Vine Stalker Assassin)             Turns: 797, Time: 00:01:33

Health: 0/18       AC:  3    Str: 13    XL:     3   Next: 22%
Magic:  0/4        EV: 12    Int: 11    God:
Gold:   31         SH:  0    Dex: 16    Spells: 0 memorised, 2 levels left

rFire  . . .     SeeInvis .     a - +3 dagger
rCold  . . .     Gourm    .     c - +0 robe
rNeg   . . .     Faith    .     (no shield)
rPois  .         Spirit   +     (no helmet)
rElec  .         Reflect  .     d - +0 cloak
rCorr  .         Harm     .     (no gloves)
MR     .....                    (no boots)
Stlth  +++.......               (no amulet)
                                (no ring)
                                (no ring)

@: lethally poisoned (0 -> -17)
A: fangs 2, magic shield, antimagic bite, no device heal 3, rot immunity
a: no special abilities


You were on level 2 of the Dungeon.
You were not hungry.

You visited 1 branch of the dungeon, and saw 2 of its levels.

You collected 31 gold pieces.


Innate Abilities, Weirdness & Mutations

You have extremely sharp teeth.
When hurt, damage is shared between your health and your magic reserves.
Your bite disrupts and absorbs the magic of your enemies.
Potions and wands cannot restore your health.
You are immune to rotting.


   Skills:
 - Level 1.7 Fighting
 + Level 2.2 Short Blades
 - Level 1.7 Throwing
 + Level 1.4 Dodging
 * Level 5.4 Stealth


You had 2 spell levels left.
You didn't know any spells.

Inventory:

Hand Weapons
 a - a +3 dagger (weapon)
 b - a +0 blowgun
 m - a +2 dagger
Missiles
 e - 8 poisoned needles
 f - 2 curare-tipped needles {=f}
Armour
 c - a +0 robe (worn)
 d - a +0 cloak (worn)
Wands
 w - a wand of lightning (9/15)
Scrolls
 i - a scroll of remove curse {unknown}
 k - a scroll of fog {unknown}
 o - a scroll of teleportation {unknown}
 q - a scroll of recharging {unknown}
 r - a scroll of enchant armour {unknown}
 s - 3 scrolls of magic mapping {unknown}
 t - a scroll of noise {unknown}
 u - a scroll of amnesia {unknown}
Potions
 h - a potion of degeneration {unknown}
 l - 2 potions of mutation {unknown}
 p - a potion of might {unknown}
 v - a potion of cure mutation {unknown}
Comestibles
 g - 3 bread rations
 j - a meat ration
 n - 3 chunks of flesh

Dungeon Overview and Level Annotations

Branches:
Dungeon (2/15)

Altars:

Annotations:
D:2 Ijyb

#............
#........$...
#............
#.........%..
###.........
#........#
#......#
#.....S#########
#.....SS@.......
#.>....#########
#......# ##...
.##......#
##....#
.........#
...#.##
####.###.##......
#...........##
#.............
#........#.#.


You could see 3 adders.


Message History

You feel sick. The adder bites you.
* * * LOW HITPOINT WARNING * * *
You are more poisoned.
The adder poisons you! The adder bites you.
* * * LOW HITPOINT WARNING * * *
* * * LOW HITPOINT WARNING * * *
You feel sick.
* * * LOW HITPOINT WARNING * * *
You feel sick.
* * * LOW HITPOINT WARNING * * *
You feel sick.
You closely miss the adder.
The adder is heavily wounded.
* * * LOW HITPOINT WARNING * * *
You feel sick. The adder bites you.
You are more poisoned.
The adder poisons you! The adder misses you.
You closely miss the adder. Your bite misses the adder.
The adder is heavily wounded.
You die...

Action                   || total
-------------------------++-------
Melee: Dagger            ||    53
       Bite              ||     9
 Stab: Sleeping          ||     5
Armor: Robe              ||     8
Dodge: Dodged            ||    25

Vault maps used:
D:1:      dpeg_arrival_boxorama, minivault_24, minmay_bisected
D:2:      first_bread, lemuel_flame_loot_1, uniq_iyjb

Notes
Turn   | Place    | Note
-------+----------+-------------------------------------------
     0 | D:1      | zeroDi the Vine Stalker Assassin began the quest for the Orb.
     0 | D:1      | Reached XP level 1. HP: 11/11 MP: 2/2
    63 | D:1      | Reached skill level 5 in Stealth
    92 | D:1      | Reached skill level 1 in Dodging
   126 | D:1      | Reached XP level 2. HP: 14/15 MP: 3/3
   129 | D:1      | Reached skill level 2 in Short Blades
   728 | D:2      | Reached XP level 3. HP: 18/18 MP: 4/4
   791 | D:2      | Noticed Ijyb
   796 | D:2      | HP: 1/18 [poisoned by an adder]
   797 | D:2      | Succumbed to an adder's poison

Vanquished Creatures
  An adder (D:2)
  A worm (D:2)
  3 hobgoblins
  3 kobolds (D:1)
  5 bats (D:1)
  2 frilled lizards (D:1)
  3 goblins
  3 rats (D:1)
21 creatures vanquished.

Vanquished Creatures (others)
  An adder (D:2)
1 creature vanquished.

Grand Total: 22 creatures vanquished
